Map: Acid Plant LE

Players

GOStephano (Stephano)

  • Race: Zerg Zerg
  • Spawn Location: 11:00

Bioice - Winner!

  • Race: Zerg Zerg
  • Spawn Location: 5:00

Event: WCS Austin 2018

VOD

Have the link to the VOD?

Description

Time

  • Played on: June 1, 2018, 6:10 p.m.
  • Length: 6:07

All games in this series

Show
View Real Time Build Order
Export as new Build Order

GOStephano Zerg 

Build Orders: Hatch First, Zergling Baneling 

Get SALT Encoding   

  12  0:00  Drone  
  13  0:13  Overlord  
  13  0:17  Drone  
  14  0:31  Drone x2  
  16  0:48  Hatchery  
  15  0:51  Drone  
  15  0:55  Drone  
  17  0:58  Drone  
  18  1:10  Extractor  
  17  1:14  Spawning Pool  
  17  1:17  Drone  
  17  1:20  Drone  
  18  1:28  Drone  
  19  1:39  Drone  
  20  1:51  Drone  
  21  2:01  Queen x2  
  21  2:02  Zergling x4  
  27  2:10  Metabolic Boost  
  27  2:12  Overlord  
  27  2:13  Drone  
  28  2:30  Drone x2  
  28  2:33  Overlord  
  30  2:43  Hatchery  
  30  2:44  Zergling x2  
  30  2:48  Baneling Nest  
  29  2:53  Drone  
  29  2:57  Drone x3  
  33  3:07  Drone x2  
  34  3:18  Zergling x10  
  34  3:19  Zergling x2  
  40  3:31  Baneling, Zergling x4  
  40  3:33  Baneling  
  42  3:35  Baneling  
  42  3:37  Baneling  
  42  3:41  Overlord  
  42  3:47  Drone  
  42  3:57  Drone x5  
  42  4:01  Zergling x4  
  45  4:08  Zergling x2  
  45  4:09  Zergling x4  
  48  4:18  Zergling x2  
  48  4:19  Zergling x8  
  52  4:30  Zergling x6  
  54  4:34  Baneling x3  
  54  4:36  Zergling x2  
  54  4:37  Zergling x2  
  54  4:38  Zergling x4  
  54  4:42  Zergling x4  
  54  4:44  Baneling x2  
  52  4:52  Zergling x2  
  52  4:53  Zergling x8  
  52  4:58  Zergling x2  
  55  5:03  Zergling x4  
  55  5:05  Baneling  
  56  5:08  Overlord  
  56  5:18  Overlord  
  56  5:20  Overlord  
  53  5:25  Queen  
  48  5:35  Zergling x6  
  51  5:42  Hatchery, Zergling x6  
  52  5:46  Baneling x3  
Show
View Real Time Build Order
Export as new Build Order

Bioice Zerg - Winner!

Build Orders: Hatch First, Zergling Baneling 

Get SALT Encoding   

  12  0:01  Drone  
  13  0:10  Drone  
  14  0:17  Overlord  
  14  0:23  Drone, Extractor  
  15  0:36  Drone x2  
  17  0:53  Hatchery  
  17  0:56  Drone  
  17  0:59  Extractor  
  17  1:02  Drone  
  17  1:06  Drone  
  18  1:19  Spawning Pool  
  18  1:22  Drone  
  18  1:29  Drone  
  19  1:39  Drone  
  20  1:48  Overlord  
  20  2:05  Queen  
  20  2:06  Queen  
  20  2:07  Zergling x4  
  26  2:08  Metabolic Boost  
  26  2:14  Drone  
  28  2:15  Drone  
  28  2:20  Drone  
  29  2:26  Drone  
  30  2:33  Drone  
  31  2:37  Zergling x2  
  32  2:44  Hatchery  
  32  2:49  Overlord  
  31  2:51  Zergling x2  
  31  2:54  Drone  
  33  2:59  Baneling Nest  
  33  3:02  Zergling x2  
  33  3:13  Zergling x2  
  33  3:25  Drone  
  33  3:26  Overlord  
  34  3:27  Zergling x10  
  34  3:31  Zergling x2  
  40  3:36  Queen  
  40  3:39  Overlord  
  42  3:42  Zergling x2  
  42  3:44  Baneling  
  42  3:47  Baneling x3  
  43  3:55  Zergling x8  
  47  3:59  Zergling x2  
  47  4:00  Zergling x4  
  49  4:10  Zergling x6  
  50  4:17  Zergling x2  
  50  4:23  Zergling x2  
  49  4:33  Baneling x3  
  49  4:34  Zergling x12  
  49  4:36  Zergling x2  
  55  4:42  Zergling x2  
  55  4:44  Baneling  
  55  4:45  Baneling  
  53  4:47  Zergling x2  
  53  4:54  Zergling x2  
  53  4:55  Zergling x2  
  53  4:59  Zergling x2  
  54  5:04  Baneling  
  51  5:09  Zergling x2  
  51  5:16  Zergling x10  
  51  5:18  Zergling x4  
  51  5:21  Zergling x2  
  58  5:22  Baneling x2  
  58  5:26  Zergling x2  
  58  5:29  Zergling x2  
  58  5:31  Zergling x8  
  58  5:32  Zergling x2  
  58  5:35  Baneling  
  64  5:39  Zergling x2  
  64  5:42  Zergling x2  
  65  5:47  Baneling  
Tags
 
Add a new tag
Caveats
  • Supply blocks, unpowered buildings, or Contaminate may cause inaccurate times.
  • Supply counts are checked every 10 seconds.